SAAA
AUSTIN CAPITOLS @ VIOLA SPEARHEADS
07/23/2019
 
TOP OF THE 1ST
Austin Capitols batting - Pitching for Viola Spearheads : LHP George House
Pitching: LHP George House
Batting: SHB Tom Palmer 0-0: Called Strike
0-1: Ball
1-1: Ball
2-1: Foul Ball, location: 2F
2-2: Foul Ball, location: 2F
2-2: Strikes out swinging
Batting: RHB Henry Jones 0-0: Ball
1-0: Ground out 4-3 (Groundball, 4M)
Batting: RHB Juan Ramos 0-0: Ball
1-0: Called Strike
1-1: Foul Ball, location: 2F
1-2: Ball
2-2: Foul Ball, location: 2F
2-2: Ball
3-2: Base on Balls
Batting: RHB Brian King 0-0: Ball
1-0: Ball
2-0: Fly out, F9 (Flyball, 9M)
Top of the 1st over - 0 run(s), 0 hit(s), 0 error(s), 1 left on base; Austin 0 - Viola 0
BOTTOM OF THE 1ST
Viola Spearheads batting - Pitching for Austin Capitols : RHP Bill Kelly
Pitching: RHP Bill Kelly
Batting: LHB Keith Gardner 0-0: Ball
1-0: Ball
2-0: Called Strike
2-1: Ground out 4-3 (Groundball, 4MD)
Batting: RHB Trevor Gardner 0-0: Ball
1-0: Called Strike
1-1: Foul Ball, location: 2F
1-2: Ball
2-2: Ball
3-2: Strikes out swinging
Batting: RHB Randy Gregory 0-0: Ball
1-0: Swinging Strike
1-1: Ball
2-1: Foul Ball, location: 2F
2-2: Strikes out swinging
Bottom of the 1st over - 0 run(s), 0 hit(s), 0 error(s), 0 left on base; Austin 0 - Viola 0
TOP OF THE 2ND
Austin Capitols batting - Pitching for Viola Spearheads : LHP George House
Batting: RHB Luis Sáenz 0-0: Ball
1-0: Ball
2-0: SINGLE (Line Drive, 89S)
Batting: RHB Jim Unknown 0-0: Ball
Balk!
Luis Sáenz to second
1-0: Ball
2-0: Ball
3-0: Base on Balls
Batting: RHB Thomas Dunlap 0-0: Ball
1-0: Ball
2-0: Grounds into double play, 6-4-3 (Groundball, 6M)
Luis Sáenz to third
Batting: RHB Ricardo Nieto 0-0: Ball
1-0: Ball
2-0: Called Strike
2-1: Ground out 4-3 (Groundball, 4M)
Top of the 2nd over - 0 run(s), 1 hit(s), 0 error(s), 1 left on base; Austin 0 - Viola 0
BOTTOM OF THE 2ND
Viola Spearheads batting - Pitching for Austin Capitols : RHP Bill Kelly
Batting: RHB Carlos Caraballo 0-0: Ball
1-0: Swinging Strike
1-1: Foul Ball, location: 2F
1-2: Ball
2-2: Strikes out swinging wild pitch, reaches first!
Batting: RHB Daniel Drake 0-0: Called Strike
0-1: SINGLE (Groundball, 56D)
Carlos Caraballo to second
Batting: RHB Bill Newsome 0-0: Ball
1-0: Foul Ball, location: 2F
1-1: Swinging Strike
1-2: Fielders Choice at 2nd, 4-6 (Groundball, 34)
Carlos Caraballo to third
Batting: RHB Paul Arthur 0-0: Ball
1-0: Called Strike
1-1: Ball
2-1: Ball
3-1: Base on Balls
Bill Newsome to second
Batting: RHB Pedro Sánchez 0-0: Called Strike
0-1: Ball
1-1: Ball
2-1: Foul Ball, location: 2F
2-2: SINGLE (Groundball, 6)
Carlos Caraballo scores
Bill Newsome to third
Paul Arthur to second
Runner from 3rd tries for Home, SAFE, throw made home
Paul Arthur to third
Pedro Sánchez to second
Batting: RHB Michael Bucknell 0-0: Foul Ball, location: 2F
0-1: Ball
1-1: Foul Ball, location: 2F
1-2: Strikes out swinging
Batting: LHB Keith Gardner 0-0: Called Strike
0-1: SINGLE (Flyball, 7LS)
Paul Arthur scores
Pedro Sánchez to third
Batting: RHB Trevor Gardner 0-0: SINGLE (Groundball, 34D) (infield hit)
Pedro Sánchez scores
Keith Gardner to second
Batting: RHB Randy Gregory 0-0: Ball
1-0: SINGLE (Groundball, 6M)
Keith Gardner to third
Trevor Gardner to second
Runner from 3rd tries for Home, SAFE, no throw or cutoff
Batting: RHB Carlos Caraballo 0-0: Ball
1-0: Ball
2-0: Fly out, F7 (Line Drive, 7S)
Bottom of the 2nd over - 5 run(s), 5 hit(s), 0 error(s), 2 left on base; Austin 0 - Viola 5
TOP OF THE 3RD
Austin Capitols batting - Pitching for Viola Spearheads : LHP George House
Batting: SHB Jack Bell 0-0: Reached on Error, E4 (Popup, 34)
Batting: SHB Tom Palmer 0-0: Swinging Strike
0-1: Foul Ball, location: 2F
0-2: Ball
1-2: Ball
2-2: Ball
3-2: Strikes out swinging
Batting: RHB Henry Jones 0-0: Called Strike
0-1: Fly out, F8 (Flyball, 8RM)
Batting: RHB Juan Ramos 0-0: Ball
1-0: Called Strike
1-1: Swinging Strike
1-2: Ball
2-2: Fly out, F9 (Flyball, 9M)
Top of the 3rd over - 0 run(s), 0 hit(s), 1 error(s), 1 left on base; Austin 0 - Viola 5
BOTTOM OF THE 3RD
Viola Spearheads batting - Pitching for Austin Capitols : RHP Bill Kelly
Batting: RHB Daniel Drake 0-0: Ball
1-0: Ball
2-0: Ball
3-0: Called Strike
3-1: Ground out 2-3 (Groundball, 25)
Batting: RHB Bill Newsome 0-0: Ball
1-0: Ground out 6-3 (Groundball, 6M)
Batting: RHB Paul Arthur 0-0: Called Strike
0-1: Called Strike
0-2: Foul Ball, location: 2F
0-2: Ball
1-2: Foul Ball, location: 2F
1-2: Strikes out swinging
Bottom of the 3rd over - 0 run(s), 0 hit(s), 0 error(s), 0 left on base; Austin 0 - Viola 5
TOP OF THE 4TH
Austin Capitols batting - Pitching for Viola Spearheads : LHP George House
Batting: RHB Brian King 0-0: Ball
1-0: Called Strike
1-1: DOUBLE (Line Drive, 7LM)
Batting: RHB Luis Sáenz 0-0: Fly out, F8 (Flyball, 8LD)
Batting: RHB Jim Unknown 0-0: Called Strike
0-1: Ball
1-1: Swinging Strike
1-2: DOUBLE (Flyball, 89D)
Brian King scores
Batting: RHB Thomas Dunlap 0-0: Ball
1-0: Called Strike
1-1: Ball
2-1: Ball
3-1: Base on Balls
Batting: RHB Ricardo Nieto 0-0: Swinging Strike
0-1: Ball
1-1: Ball
2-1: Foul Ball, location: 2F
2-2: Ball
3-2: Fly out, F9 (Flyball, 89D)
Runner from 2nd tags up, SAFE at 3rd, no throw
Batting: SHB Jack Bell 0-0: Called Strike
0-1: Ball
1-1: Ball
2-1: Ball
3-1: Base on Balls
Thomas Dunlap to second
Batting: SHB Tom Palmer 0-0: DOUBLE (Line Drive, 7LS)
Jim Unknown scores
Thomas Dunlap scores
Jack Bell to third
Runner from 3rd tries for Home, throw and OUT!
Top of the 4th over - 3 run(s), 3 hit(s), 0 error(s), 1 left on base; Austin 3 - Viola 5
BOTTOM OF THE 4TH
Viola Spearheads batting - Pitching for Austin Capitols : RHP Bill Kelly
Batting: RHB Pedro Sánchez 0-0: Ground out 5-3 (Groundball, 5)
Batting: RHB Michael Bucknell 0-0: Called Strike
0-1: Ground out 5-3 (Groundball, 5L)
Batting: LHB Keith Gardner 0-0: Foul Ball, location: 2F
0-1: Foul Ball, location: 2F
0-2: Ball
1-2: Ball
2-2: Strikes out swinging
Bottom of the 4th over - 0 run(s), 0 hit(s), 0 error(s), 0 left on base; Austin 3 - Viola 5
TOP OF THE 5TH
Austin Capitols batting - Pitching for Viola Spearheads : LHP George House
Batting: RHB Henry Jones 0-0: Swinging Strike
0-1: Ball
1-1: Called Strike
1-2: Ball
2-2: Strikes out looking
Batting: RHB Juan Ramos 0-0: Ball
1-0: Ball
2-0: SINGLE (Line Drive, 34)
Batting: RHB Brian King 0-0: Ball
1-0: Swinging Strike
1-1: Ball
Juan Ramos steals 2nd base
2-1: Foul Ball, location: 2F
2-2: Foul Ball, location: 2F
2-2: Strikes out swinging
Batting: RHB Luis Sáenz 0-0: Ball
1-0: Ball
2-0: Called Strike
2-1: Ball
3-1: Called Strike
3-2: Fly out, F3 (Line Drive, 34)
Top of the 5th over - 0 run(s), 1 hit(s), 0 error(s), 1 left on base; Austin 3 - Viola 5
BOTTOM OF THE 5TH
Viola Spearheads batting - Pitching for Austin Capitols : RHP Bill Kelly
Batting: RHB Trevor Gardner 0-0: Ball
1-0: Called Strike
1-1: Fly out, F7 (Line Drive, 7M)
Batting: RHB Randy Gregory 0-0: Ball
1-0: Called Strike
1-1: Foul Ball, location: 2F
1-2: Foul Ball, location: 2F
1-2: Foul Ball, location: 2F
1-2: Fly out, F7 (Flyball, 78M)
Batting: RHB Carlos Caraballo 0-0: Ball
1-0: Called Strike
1-1: Swinging Strike
1-2: Ball
2-2: Ball
3-2: Strikes out swinging
Bottom of the 5th over - 0 run(s), 0 hit(s), 0 error(s), 0 left on base; Austin 3 - Viola 5
TOP OF THE 6TH
Austin Capitols batting - Pitching for Viola Spearheads : LHP George House
Batting: RHB Jim Unknown 0-0: Ball
1-0: Ground out 6-3 (Groundball, 6M)
Batting: RHB Thomas Dunlap 0-0: Foul Ball, location: 2F
0-1: Fly out, F8 (Flyball, 8LM)
Batting: RHB Ricardo Nieto 0-0: Ball
1-0: SINGLE (Groundball, 6MD)
Batting: SHB Jack Bell 0-0: Called Strike
0-1: Swinging Strike
0-2: Ball
1-2: Foul Ball, location: 2F
1-2: Foul Ball, location: 2F
1-2: Ball
2-2: Strikes out swinging
Top of the 6th over - 0 run(s), 1 hit(s), 0 error(s), 1 left on base; Austin 3 - Viola 5
BOTTOM OF THE 6TH
Viola Spearheads batting - Pitching for Austin Capitols : RHP Bill Kelly
Batting: RHB Daniel Drake 0-0: Called Strike
0-1: SINGLE (Groundball, 56D)
Batting: RHB Bill Newsome 0-0: Called Strike
0-1: Ball
1-1: Fly out, F8 (Flyball, 8RD)
Pitching: RHP George Ricker
Batting: RHB Paul Arthur 0-0: Ball
1-0: Foul Ball, location: 2F
1-1: Ball
2-1: Fly out, F9 (Flyball, 9M)
Batting: RHB Pedro Sánchez 0-0: Ball
1-0: Called Strike
1-1: Called Strike
1-2: Ball
2-2: Ground out 2-3 (Groundball, 25)
Bottom of the 6th over - 0 run(s), 1 hit(s), 0 error(s), 1 left on base; Austin 3 - Viola 5
TOP OF THE 7TH
Austin Capitols batting - Pitching for Viola Spearheads : LHP George House
Batting: SHB Tom Palmer 0-0: Ball
1-0: Foul Ball, location: 2F
1-1: Ground out 6-3 (Groundball, 6)
Batting: RHB Henry Jones 0-0: Ball
1-0: Called Strike
1-1: Foul Ball, location: 2F
1-2: Fly out, F3 (Popup, 3DF)
Batting: RHB Juan Ramos 0-0: Called Strike
0-1: Swinging Strike
0-2: Ball
1-2: Ground out 5-3 (Groundball, 5L)
Top of the 7th over - 0 run(s), 0 hit(s), 0 error(s), 0 left on base; Austin 3 - Viola 5
BOTTOM OF THE 7TH
Viola Spearheads batting - Pitching for Austin Capitols : RHP George Ricker
Batting: RHB Michael Bucknell 0-0: Fly out, F8 (Line Drive, 8RXD)
Batting: LHB Keith Gardner 0-0: Called Strike
0-1: Ball
1-1: Swinging Strike
1-2: Foul Ball, location: 2F
1-2: Foul Ball, location: 2F
1-2: Ball
2-2: Strikes out looking
Batting: RHB Trevor Gardner 0-0: Ground out 4-3 (Groundball, 34)
Bottom of the 7th over - 0 run(s), 0 hit(s), 0 error(s), 0 left on base; Austin 3 - Viola 5
TOP OF THE 8TH
Austin Capitols batting - Pitching for Viola Spearheads : LHP George House
Pitching: RHP Melvin Richards
Batting: RHB Brian King 0-0: Called Strike
0-1: Foul Ball, location: 2F
0-2: Strikes out swinging
Batting: RHB Luis Sáenz 0-0: Ground out 6-3 (Groundball, 6)
Batting: RHB Jim Unknown 0-0: Ball
1-0: Ball
2-0: Called Strike
2-1: Fly out, F7 (Flyball, 7M)
Top of the 8th over - 0 run(s), 0 hit(s), 0 error(s), 0 left on base; Austin 3 - Viola 5
BOTTOM OF THE 8TH
Viola Spearheads batting - Pitching for Austin Capitols : RHP George Ricker
Batting: RHB Randy Gregory 0-0: Called Strike
0-1: Ball
1-1: Called Strike
1-2: Ball
2-2: Strikes out swinging
Pitching: LHP José Rico
Batting: RHB Carlos Caraballo 0-0: Ball
1-0: Called Strike
1-1: Fly out, F4 (Popup, 4M)
Batting: RHB Daniel Drake 0-0: Foul Ball, location: 2F
0-1: Fly out, F8 (Flyball, 89M)
Bottom of the 8th over - 0 run(s), 0 hit(s), 0 error(s), 0 left on base; Austin 3 - Viola 5
TOP OF THE 9TH
Austin Capitols batting - Pitching for Viola Spearheads : RHP Melvin Richards
Pitching: LHP Dave Montalvo
Batting: RHB Thomas Dunlap 0-0: Ball
1-0: Ball
2-0: Ball
3-0: Called Strike
3-1: Fly out, F9 (Line Drive, 89M)
Batting: RHB Ricardo Nieto 0-0: Foul Ball, location: 2F
0-1: Foul Ball, location: 2F
0-2: Ball
1-2: Ground out 5-3 (Groundball, 5L)
Batting: SHB Jack Bell 0-0: Ball
1-0: Swinging Strike
1-1: Swinging Strike
1-2: Foul Ball, location: 2F
1-2: SINGLE (Line Drive, 8LS)
Pinch Hitting: RHB Jim Unknown 0-0: Ball
1-0: Ball
2-0: Ball
3-0: Called Strike
3-1: Base on Balls
Jack Bell to second
Batting: RHB Henry Jones 0-0: Ball
1-0: Swinging Strike
1-1: Called Strike
1-2: Foul Ball, location: 2F
1-2: Strikes out looking
Top of the 9th over - 0 run(s), 1 hit(s), 0 error(s), 2 left on base; Austin 3 - Viola 5
This league is powered by Out of the Park Baseball, the baseball management simulation game for PC, Mac and Linux
Saturday, July 25th, 2015 - OOTP Baseball 15.6 Build 34